 Dungeon Crawl Stone Soup version 0.28-a0-1524-ge72afd5fc6 (webtiles) character file.

Game seed: 17499203936709145131

67 knot the Chopper (level 4, 32/35 HPs)
             Began as a Demonspawn Berserker on Jan 18, 2022.
             Was a Believer of Trog.
             Quit the game on level 3 of the Dungeon.
             The game lasted 00:01:15 (2130 turns).

knot the Chopper (Demonspawn Berserker)             Turns: 2130, Time: 00:01:16

Health: 32/35      AC:  3    Str: 17    XL:     4   Next: 0%
Magic:  4/4        EV: 12    Int: 11    God:    Trog [**....]
Gold:   133        SH:  0    Dex: 12    Spells: 3/3 levels left

rFire   . . .      SeeInvis .   a - +0 hand axe
rCold   . . .      Faith    .   (no shield)
rNeg    . . .      Spirit   .   b - +0 animal skin
rPois   .          Reflect  .   (no helmet)
rElec   .          Harm     .   n - +0 cloak
rCorr   .          Rampage  .   (no gloves)
Will    .....                   (no boots)
Stlth   +.........              (no amulet)
HPRegen 0.11/turn               (no ring)
MPRegen 0.09/turn               (no ring)

@: on berserk cooldown, slowed, very slow
A: powered by pain 1, demonic touch 1
a: Renounce Religion, Berserk, Trog's Hand


You were on level 3 of the Dungeon.
You worshipped Trog.
Trog was pleased with you.
You visited 1 branch of the dungeon, and saw 3 of its levels.

You collected 133 gold pieces.

Inventory:

Hand Weapons
 a - a +0 hand axe (weapon)
Missiles
 c - 102 stones (quivered)
Armour
 b - a +0 animal skin (worn)
 n - a +0 cloak (worn)
Jewellery
 i - a ring of positive energy
Scrolls
 d - a scroll of brand weapon {unknown}
 e - a scroll of amnesia {unknown}
 f - a scroll of fear {unknown}
 g - a scroll of identify {unknown}
 m - a scroll of vulnerability {unknown}
Potions
 h - a potion of curing {unknown}
 j - a potion of might {unknown}
 k - a potion of lignification {unknown}
 l - a potion of haste {unknown}


   Skills:
 - Level 3.0 Fighting
 + Level 4.4 Axes
 - Level 1.7 Armour
 - Level 1.7 Dodging


You had 3 spell levels left.
You didn't know any spells.
Your spell library was empty.

Dungeon Overview and Level Annotations

Branches:
Dungeon (3/15)

Altars:
Yredelemnul


Innate Abilities, Weirdness & Mutations

You sometimes gain a little power by taking damage.
Your touch may inflict minor irresistible damage on your foes.


Message History

The goblin closely misses you.
You hit the goblin.
The goblin is severely wounded.
You slash the goblin!
You kill the goblin!
Trog accepts your kill.
You slash the hobgoblin!
You kill the hobgoblin!
Trog accepts your kill.
The goblin no longer looks unusually strong.
The goblin unwields a +0 club.
The goblin wields a +0 hunting sling.
The goblin shoots a stone.
The stone completely misses you.
You are no longer berserk.
You are exhausted.
You feel yourself slow down.
A goblin comes into view. It is wielding a +0 dagger.
Items here: ) †††.
The goblin unwields a +0 hunting sling.
The goblin wields a +0 club.
The goblin misses you.
You slash the goblin!
You kill the goblin!
Trog accepts your kill. The goblin barely misses you.
You hit the goblin.
You touch the goblin.
You kill the goblin!
Trog accepts your kill.
You hit the goblin.
You kill the goblin!
Trog accepts your kill.
You can now call upon Trog for regeneration and willpower.
The goblin no longer looks unusually strong. x2
The goblin barely misses you.
You closely miss the goblin. The goblin closely misses you.
You hit the goblin.
You touch the goblin.
You kill the goblin!
Trog accepts your kill.
You have reached level 4!
You feel clever.
Your demonic ancestry asserts itself...
You feel energised by your suffering.
Are you sure you want to abandon this character and quit the game? (Confirm with "yes".)

#...# ..#.
#... #..
... #.#
#g# #@#
#)# #)#
..#####.#
#.....).#
#######.##
#....####
#.......#
#....##.#


You could see a goblin.

Vanquished Creatures
  Robin (D:3)
  A dart slug (D:1)
  5 endoplasms
  3 giant cockroaches (D:1)
  10 goblins
  5 hobgoblins
  7 kobolds
  4 quokkas (D:1)
  4 ball pythons
  2 bats
  2 frilled lizards
  2 rats
46 creatures vanquished.

Notes
Turn   | Place    | Note
-------+----------+-------------------------------------------
     0 | D:1      | knot the Demonspawn Berserker began the quest for the Orb.
     0 | D:1      | Reached XP level 1. HP: 18/18 MP: 1/1
    26 | D:1      | Reached skill level 3 in Axes
   442 | D:1      | Gained mutation: Your touch may inflict minor irresistible
                  | damage on your foes. [demonic ancestry]
   442 | D:1      | Reached XP level 2. HP: 24/24 MP: 2/2
   873 | D:1      | Reached XP level 3. HP: 29/29 MP: 3/3
  1059 | D:2      | Found a basalt altar of Yredelemnul.
  1071 | D:2      | Reached skill level 4 in Axes
  1306 | D:2      | Found a faded altar of an unknown god.
  2106 | D:3      | Noticed Robin
  2115 | D:3      | Killed Robin
  2127 | D:3      | Reached ** piety under Trog
  2130 | D:3      | Gained mutation: You sometimes gain a little power by
                  | taking damage. [demonic ancestry]
  2130 | D:3      | Reached XP level 4. HP: 32/35 MP: 4/4
  2130 | D:3      | Quit the game

Illustrated notes

Levels and vault maps discovered:
D:1:      saegor_arrival_simple_a, layout_rooms
D:2:      layout_basic, shapermc_ecumenical_altar_totnotflames, basic_altar
D:3:      layout_loops_ring, nicolae_overflow_ecumenical_swirl,
          minmay_misc_feat_enclosed, uniq_crazy_yiuf_cottage, uniq_robin

Skill      XL: |  1  2  3 |
---------------+----------+-----
Axes           | 3 4 |  4.4
Fighting       | |  3.0
Armour         | |  1.7
Dodging        | |  1.7

Action                   |  1- 3 |  4- 6 || total
-------------------------+-------+-------++-------
Melee: Hand axe          |   102 |       ||   102
       Touch             |    12 |       ||    12
       Punch             |     2 |       ||     2
Invok: Berserk           |     2 |       ||     2
 Stab: Sleeping          |     1 |       ||     1
Armor: Animal skin       |     9 |       ||     9
Dodge: Dodged            |    63 |       ||    63

Table legend: (Time is in decaauts)
 A = Elapsed time spent in this place.
 B = Non-inter-level travel time spent in this place.
 C = Inter-level travel time spent in this place.
 D = Time resting spent in this place.
 E = Time spent auto-exploring this place.
 F = Levels seen in this place.
 G = Mean time per level.
                   A        B        C        D        E       F      G
               +--------+--------+--------+--------+--------+-----+--------+
         Total |   2149 |   2037 |    112 |    518 |   1250 |   3 |  716.3 |
       Dungeon |   2149 |   2037 |    112 |    518 |   1250 |   3 |  716.3 |
               +--------+--------+--------+--------+--------+-----+--------+

Top non-repeatable levels by time:
     D:2: 1064 daAuts
     D:1: 1043 daAuts
     D:3: 41 daAuts
